[Event "Team 45 45 League T35"]
[Site "Internet Chess Club"]
[Date "2007.11.02"]
[Round "3"]
[White "natethegreat"]
[Black "AtomicDog"]
[Result "0-1"]
[WhiteElo "1515"]
[BlackElo "1268"]
[Opening "Sicilian: Alapin's variation (2.c3)"]
[ECO "B22"]
[Time "17:07:46"]
[TimeControl "2700+45"]

1. e4 c5 2. c3 d5 3. exd5 Qxd5 4. d4 Nf6 5. Nf3 Bg4 6. Be2 Nc6 7. O-O e6 8. Bf4
Be7 9. Nbd2 O-O 10. Nb3 cxd4 11. cxd4 a6 {White resigns} 0-1

[Event "Team 45 45 League T35"]
[Site "Internet Chess Club"]
[Date "2007.11.06"]
[Round "3"]
[White "joshua9"]
[Black "Archdruid"]
[Result "1/2-1/2"]
[WhiteElo "1694"]
[BlackElo "1743"]
[Opening "Sicilian: accelerated fianchetto, modern variation"]
[ECO "B34"]
[Time "13:00:36"]
[TimeControl "2700+45"]

1. e4 c5 2. Nf3 Nc6 3. d4 cxd4 4. Nxd4 g6 5. Nc3 Bg7 6. Be3 Nf6 7. Be2 O-O 8.
O-O d5 9. exd5 Nxd5 10. Nxd5 Qxd5 11. Bf3 Qc4 12. Nxc6 bxc6 13. c3 a5 14. Be2
Qh4 15. g3 Qh3 16. Bf3 Qe6 17. Re1 Qc4 18. Bg2 Qb5 19. Qe2 Rb8 20. Qxb5 Rxb5 21.
Bxc6 Rxb2 22. Bd4 Be6 23. Bxg7 Kxg7 24. a4 Rc8 25. Bb5 Rxc3 26. Rac1 Rf3 27. Re2
Rxe2 28. Bxe2 Ra3 29. Bb5 Bb3 30. Rc7 Bxa4 31. Bxa4 Rxa4 32. Rxe7 Ra2 33. Kg2 a4
34. Ra7 h6 35. h4 g5 36. hxg5 hxg5 37. g4 a3 38. Ra6 Ra1 39. Kf3 a2 40. Kg2 f6
41. Kf3 Kf7 42. Ke2 Ke7 43. Kd2 Kd7 44. Kc2 Rf1 45. Kb2 Rxf2+ 46. Ka1 Ke7 47.
Re6+ Kf7 48. Re7+ Kg8 49. Rg7+ Kf8 50. Rf7+ Ke8 51. Re7+ Kd8 52. Rd7+ Kc8 53.
Rc7+ Kb8 54. Rb7+ Kc8 55. Rc7+ {Game drawn by mutual agreement} 1/2-1/2

[Event "Team 45 45 League T35"]
[Site "Internet Chess Club"]
[Date "2007.11.05"]
[Round "3"]
[White "OOB1"]
[Black "Juan73"]
[Result "0-1"]
[WhiteElo "1554"]
[BlackElo "1731"]
[Opening "Three knights game"]
[ECO "C46"]
[Time "21:01:57"]
[TimeControl "2700+45"]

1. e4 e5 2. Nf3 Nc6 3. Nc3 Bc5 4. d3 Nf6 5. Be3 Bxe3 6. fxe3 d6 7. d4 Ng4 8. Qe2
Bd7 9. a3 a6 10. h3 Nf6 11. Qf2 Qe7 12. Bd3 b5 13. Nd5 Nxd5 14. exd5 Na5 15. b4
Nb7 16. Be4 exd4 17. O-O Qxe4 18. Rfe1 O-O 19. Nxd4 Qxd5 20. Rad1 Qg5 21. Nf3
Qg6 22. Nh4 Qh6 23. Rd4 Rae8 24. Qf3 Nd8 25. c4 Ne6 26. Nf5 Qf6 27. Rg4 Ng5 28.
Qf4 Qxf5 29. Qxg5 Qxg5 30. Rxg5 bxc4 31. Kf2 Re4 32. Ra5 Bc8 33. Rc1 Bb7 34. b5
axb5 35. Rxb5 Bc6 36. Rb4 d5 37. Rc3 h5 38. a4 h4 39. a5 Rfe8 40. Rb2 d4 41.
exd4 Rf4+ 42. Kg1 Re1+ 43. Kh2 Rff1 44. g4 Rh1# {White checkmated} 0-1

[Event "Team 45 45 League T35"]
[Site "Internet Chess Club"]
[Date "2007.11.03"]
[Round "3"]
[White "Mfalme"]
[Black "jjmolina"]
[Result "0-1"]
[WhiteElo "1263"]
[BlackElo "1539"]
[Opening "Bird's opening"]
[ECO "A03"]
[Time "10:44:00"]
[TimeControl "2700+45"]

1. f4 d5 2. Nf3 c5 3. e3 Nc6 4. Be2 g6 5. O-O Bg7 6. c3 Nf6 7. d3 O-O 8. c4 e6
9. Ne5 dxc4 10. Nxc6 bxc6 11. dxc4 Ne4 12. Nd2 Nxd2 13. Bxd2 Bxb2 14. Rb1 Bg7
15. Qc2 e5 16. Bf3 Qc7 17. Qa4 exf4 18. exf4 Bf5 19. Ba5 Qxf4 20. Bxc6 Qd4+ 21.
Kh1 Bxb1 22. Bxa8 Bxa2 23. Bd5 Qb2 24. Qd7 Qe2 25. Re1 Qf2 26. Qxa7 Qd4 27. Bb6
Qc3 28. Rf1 Bxc4 29. Bxc4 Qxc4 30. Re1 Qc3 31. Rd1 Qc2 32. Re1 Bd4 33. h3 Qc3
34. Re7 Qc1+ 35. Kh2 Bg1+ 36. Kh1 Bf2+ 37. Kh2 Qg1# {White checkmated} 0-1

[Event "Team 45 45 League T35"]
[Site "Internet Chess Club"]
[Date "2007.11.04"]
[Round "3"]
[White "Andruw"]
[Black "Fysh"]
[Result "0-1"]
[WhiteElo "1653"]
[BlackElo "1828"]
[Opening "French: Tarrasch, open variation, main line"]
[ECO "C09"]
[Time "10:00:26"]
[TimeControl "2700+45"]

1. e4 e6 2. d4 d5 3. Nd2 c5 4. exd5 exd5 5. Ngf3 Nc6 6. Bb5 Bd6 7. dxc5 Bxc5 8.
O-O Ne7 9. Nb3 Bd6 10. Re1 O-O 11. Bg5 f6 12. Bh4 Bg4 13. Bg3 Be5 14. c3 Qb6 15.
Be2 Bxf3 16. Bxf3 Rad8 17. Qc2 d4 18. cxd4 Bxd4 19. Nxd4 Rxd4 20. Re4 Nf5 21.
Re6 Nxg3 22. hxg3 Qb4 23. Bxc6 bxc6 24. Rxc6 Rd2 25. Qb3+ Qxb3 26. axb3 Rxb2 27.
Rxa7 h5 28. Rcc7 Kh7 29. Rxg7+ Kh6 30. Rh7+ Kg6 31. Rag7+ Kf5 32. Rxh5+ Ke6 33.
Rb7 f5 34. f4 Rb1+ 35. Kh2 Kf6 36. b4 Kg6 37. Rh4 Rf6 38. g4 fxg4 39. Rxg4+ Kf5
40. Kh3 Rh6+ 41. Rh4 Rh1+ 42. Kg3 R1xh4 43. Rb5+ Ke4 44. Re5+ Kd4 45. b5 R4h5
46. Rxh5 Rxh5 47. b6 Rb5 48. Kg4 Ke4 49. g3 Rxb6 50. Kg5 Kf3 51. g4 Rb5+ 52. f5
Kg3 53. Kh5 Kf4 54. Kg6 Kxg4 55. f6 Rg5+ 56. Kf7 Kf5 57. Ke7 Kg6 58. f7 Re5+ 59.
Kf8 Rf5 {White resigns} 0-1

[Event "Team 45 45 League T35"]
[Site "Internet Chess Club"]
[Date "2007.11.01"]
[Round "3"]
[White "sean98"]
[Black "GolfSuper"]
[Result "0-1"]
[WhiteElo "1560"]
[BlackElo "1684"]
[Opening "Sicilian: Najdorf, 7...Be7 main line"]
[ECO "B99"]
[Time "17:01:41"]
[TimeControl "2700+45"]

1. e4 c5 2. Nf3 d6 3. d4 cxd4 4. Nxd4 Nf6 5. Nc3 a6 6. Bg5 e6 7. f4 Be7 8. Qf3
Nbd7 9. O-O-O Qc7 10. g4 b5 11. Bxf6 Bxf6 12. g5 Be7 13. Nd5 exd5 14. Nf5 Nc5
15. Nxg7+ Kf8 16. Qc3 Rg8 17. Nh5 Bg4 18. Nf6 Bxf6 19. Qxf6 Bxd1 20. Kxd1 Nxe4
21. Qh6+ Rg7 22. Kc1 Nf2 23. Rg1 Rc8 24. c3 Qc5 25. Rg3 Re8 26. Kc2 d4 27. Rf3
Qf5+ 28. Kb3 Ne4 29. Kc2 Nc5+ 30. Kd2 dxc3+ 31. bxc3 Qd5+ 32. Bd3 Nxd3 33. Rxd3
Qxa2+ 34. Kc1 Re1+ 35. Rd1 Rxd1+ 36. Kxd1 Qd5+ 37. Kc2 Qf5+ 38. Kb3 Qe6+ 39.
Qxe6 fxe6 40. Kb4 Rf7 41. Ka5 Rxf4 42. Kxa6 Rc4 43. Kxb5 Rxc3 44. Kb4 Rc2 45. h4
Kg7 46. Kb3 Rc8 {White resigns} 0-1

[Event "Team 45 45 League T35"]
[Site "Internet Chess Club"]
[Date "2007.11.05"]
[Round "3"]
[White "twinders"]
[Black "kingphisch"]
[Result "1-0"]
[WhiteElo "1630"]
[BlackElo "1512"]
[Opening "QGD Slav: 4.Nc3"]
[ECO "D15"]
[Time "14:00:15"]
[TimeControl "2700+45"]

1. d4 d5 2. c4 c6 3. Nc3 Nf6 4. Nf3 a6 5. a4 e6 6. Bg5 Nbd7 7. e3 h6 8. Bf4 Be7
9. Bd3 O-O 10. O-O dxc4 11. Bxc4 Nb6 12. Bb3 Bd7 13. Qd3 Nbd5 14. Nxd5 exd5 15.
Ne5 Be6 16. Bc2 Rc8 17. f3 Re8 18. Bg3 c5 19. dxc5 Bxc5 20. Bh4 g5 21. Bf2 Bd6
22. Ng4 Bxg4 23. fxg4 Ne4 24. h3 Qc7 25. Bb3 Qc6 26. Bxd5 Nc5 27. Bxc6 Nxd3 28.
Bxe8 Nxf2 29. Bxf7+ Kxf7 30. Rxf2+ Ke6 31. Rf3 Rc2 32. Rb1 Bb4 33. Kf1 Rc4 34.
b3 Rc2 35. Rf2 Rc7 36. Ke2 Rc2+ 37. Kf3 Rc7 38. Ke4 Bd6 39. Rbb2 Re7 40. Rf5
Kd7+ 41. Kd3 Ke6 42. Rbf2 Rd7 43. Rf6+ Kd5 44. e4+ Kc5 45. R2f5+ Be5+ 46. Kc2
Kd4 47. Re6 Rc7+ 48. Kd1 Bf4 49. Rd5+ Ke3 50. Rd2 Rc6 51. Rxc6 bxc6 52. Rc2 Kxe4
53. Rxc6 Ke3 54. Rxh6 Kf2 55. Rxa6 Kxg2 56. Rh6 Bc7 57. Kc2 Ba5 58. Kd3 Kg3 59.
Kc4 Kf4 60. b4 {Black resigns} 1-0

[Event "Team 45 45 League T35"]
[Site "Internet Chess Club"]
[Date "2007.11.04"]
[Round "3"]
[White "Klondike"]
[Black "PawnSensei"]
[Result "1/2-1/2"]
[WhiteElo "1474"]
[BlackElo "1380"]
[Opening "Giuoco Piano"]
[ECO "C54"]
[Time "12:36:46"]
[TimeControl "2700+45"]

1. e4 e5 2. Nf3 Nc6 3. Bc4 Bc5 4. c3 Nf6 5. d3 O-O 6. O-O d6 7. Bg5 Na5 8. Bxf7+
Rxf7 9. b4 Bxb4 10. cxb4 Nc6 11. Qb3 Qe7 12. Nc3 Be6 13. Qb2 Qf8 14. Bxf6 gxf6
15. Nh4 Nd4 16. Ne2 Qh6 17. Nxd4 exd4 18. Nf5 Bxf5 19. exf5 c5 20. bxc5 dxc5 21.
Qc1 Qxc1 22. Raxc1 Rc8 23. Rfe1 Kf8 24. g4 Re7 25. h4 Rxe1+ 26. Rxe1 Re8 27.
Rxe8+ Kxe8 28. g5 fxg5 29. hxg5 b5 30. Kf1 c4 31. dxc4 bxc4 32. Ke2 Ke7 33. f4
a5 34. a4 Kf7 35. f6 h5 36. gxh6 Kxf6 37. f5 Kf7 38. Kd2 c3+ 39. Kd3 Kf6 40. Kc2
Kf7 41. Kd3 Kf6 {Game drawn by mutual agreement} 1/2-1/2

[Event "Team 45 45 League T35"]
[Site "Internet Chess Club"]
[Date "2007.11.04"]
[Round "3"]
[White "OnFire"]
[Black "cityprosecutor"]
[Result "0-1"]
[WhiteElo "1700"]
[BlackElo "1800"]
[Opening "Sicilian: dragon, 6.Be3"]
[ECO "B72"]
[Time "15:06:41"]
[TimeControl "2700+45"]

1. e4 c5 2. Nf3 d6 3. d4 cxd4 4. Nxd4 Nf6 5. Nc3 g6 6. Be3 Bg7 7. Qd2 Nc6 8.
O-O-O Ng4 9. Bb5 Bd7 10. Bxc6 bxc6 11. Bg5 Rb8 12. f3 Ne5 13. b3 O-O 14. f4 c5
15. Nf3 Nc4 16. Qd3 Qa5 17. Qxc4 Bxc3 18. Bxe7 Qa3+ {White resigns} 0-1

[Event "Team 45 45 League T35"]
[Site "Internet Chess Club"]
[Date "2007.11.04"]
[Round "3"]
[White "mickeys"]
[Black "twintower"]
[Result "0-1"]
[WhiteElo "1608"]
[BlackElo "1635"]
[Opening "Queen's pawn game"]
[ECO "A46"]
[Time "09:32:21"]
[TimeControl "2700+45"]

1. d4 Nf6 2. Nf3 d6 3. c4 c5 4. Nc3 Bg4 5. dxc5 dxc5 6. Qxd8+ Kxd8 7. Ne5 Bh5 8.
f3 Nbd7 9. Nxd7 Kxd7 10. Be3 b6 11. O-O-O+ Kc6 12. Bg5 e6 13. e4 Be7 14. e5 Ng8
15. Bxe7 Nxe7 16. g4 Bg6 17. f4 f6 18. exf6 gxf6 19. Ne4 Bxe4 20. Rg1 Rad8 21.
Re1 f5 22. gxf5 exf5 23. Bg2 Bxg2 24. Rxg2 Rhg8 25. Rge2 Ng6 26. Re6+ Kd7 27.
R6e3 Rge8 28. Rd1+ Kc7 29. Rh3 Rxd1+ 30. Kxd1 Rd8+ 31. Kc2 Rd7 32. Rf3 Rd4 33.
Rh3 Rxc4+ 34. Kb3 Rxf4 35. Rxh7+ Kb8 36. Rg7 Ne5 37. Rg8+ Kb7 38. Rg7+ Ka6 39.
Re7 Rf3+ 40. Kc2 Rf2+ 41. Kc3 Nc6 42. Rf7 Nd4 43. h4 Rh2 44. Rh7 f4 45. h5 f3
46. h6 f2 47. Rf7 Rxh6 48. Rxf2 Rh3+ 49. Kc4 Rh4 50. Kc3 Nb5+ 51. Kc2 Rh3 52. a4
Nd4+ 53. Kb1 Nc6 54. Ka2 Nb4+ 55. Ka1 Rh1+ {White resigns} 0-1

[Event "Team 45 45 League T35"]
[Site "Internet Chess Club"]
[Date "2007.11.02"]
[Round "3"]
[White "fileman"]
[Black "morgado"]
[Result "1-0"]
[WhiteElo "1892"]
[BlackElo "1982"]
[Opening "Robatsch defense: Pseudo-Austrian attack"]
[ECO "B06"]
[Time "19:34:06"]
[TimeControl "2700+45"]

1. e4 g6 2. d4 Bg7 3. f4 d6 4. Nc3 Nf6 5. Nf3 c6 6. Bd3 O-O 7. O-O Bg4 8. Be3
Nbd7 9. e5 dxe5 10. dxe5 Nd5 11. Nxd5 cxd5 12. c3 Qc7 13. Qd2 Nc5 14. Nd4 Nxd3
15. Qxd3 a6 16. h3 Bd7 17. a4 Rac8 18. Rf2 Qc4 19. Qxc4 Rxc4 20. a5 Bf5 21. g4
Be4 22. f5 Bxe5 23. f6 Bxf6 24. Rxf6 exf6 25. Rf1 Kg7 26. g5 f5 27. Nb3 Bd3 28.
Re1 Re4 29. Nc5 Rxe3 30. Rxe3 Be4 31. Kf2 Rc8 32. b4 Rc7 33. Kg3 Re7 34. Kf4 f6
35. h4 fxg5+ 36. hxg5 h6 37. gxh6+ Kxh6 38. Rh3+ Kg7 39. Kg5 Rc7 40. Ne6+ {Black
resigns} 1-0

[Event "Team 45 45 League T35"]
[Site "Internet Chess Club"]
[Date "2007.11.04"]
[Round "3"]
[White "hansolo1000"]
[Black "Obi-Wan"]
[Result "0-1"]
[WhiteElo "1772"]
[BlackElo "1914"]
[Opening "Old Indian defense"]
[ECO "A54"]
[Time "14:40:29"]
[TimeControl "2700+45"]

1. d4 d6 2. c4 Nf6 3. Nc3 Nbd7 4. Nf3 e5 5. Bg5 c6 6. e3 Qc7 7. Bd3 Be7 8. O-O
h6 9. Bh4 Nf8 10. h3 g5 11. Bg3 g4 12. dxe5 gxf3 13. exd6 Bxd6 14. Bxd6 Qxd6 15.
Qxf3 N6d7 16. Rad1 Qf6 17. Bf5 Ne5 {White resigns} 0-1

[Event "Team 45 45 League T35"]
[Site "Internet Chess Club"]
[Date "2007.11.04"]
[Round "3"]
[White "crankn8tr"]
[Black "burnsja2003"]
[Result "1-0"]
[WhiteElo "1676"]
[BlackElo "1701"]
[Opening "Sicilian: Taimanov variation"]
[ECO "B45"]
[Time "10:04:05"]
[TimeControl "2700+45"]

1. e4 c5 2. Nf3 e6 3. d4 cxd4 4. Nxd4 Nc6 5. Nc3 d6 6. Be3 Nf6 7. f3 Be7 8. Qd2
O-O 9. O-O-O a6 10. g4 Nxd4 11. Bxd4 b5 12. Bxf6 Bxf6 13. Qxd6 Qxd6 14. Rxd6
Bxc3 15. bxc3 e5 16. h4 Be6 17. Kb2 Rfc8 18. g5 Rd8 19. Rxd8+ Rxd8 20. Bd3 Kf8
21. Ka3 Ke7 22. Kb4 Kd6 23. a4 Rb8 24. axb5 axb5 25. Ra1 Rb6 26. Ra5 Bd7 27. Ra7
f6 28. gxf6 gxf6 29. Ra8 Rb7 30. Rh8 Bc6 31. Rf8 Ke7 32. Rc8 Kd6 33. Rf8 Ke7 34.
Rc8 Kd6 35. Rh8 Ke6 36. Bf1 Kd6 37. Bh3 Rg7 38. Bf5 Rg1 39. Rxh7 Rb1+ 40. Ka3
Rf1 41. Bg4 Kc5 42. Rf7 Kc4 43. Kb2 Rf2 44. h5 b4 45. cxb4 Ba4 46. Rc7+ Kxb4 47.
h6 Rh2 48. h7 Bxc2 49. Rxc2 Rxh7 50. Rc8 Rh2+ 51. Kc1 Kb5 52. Kd1 Kb6 53. Ke1
Kb7 54. Kf1 Rh4 55. Rf8 Rh6 56. Ke2 Kc7 57. Rf7+ Kd8 58. Kd3 Ke8 59. Ra7 Rh1 60.
Kc4 Rd1 61. Kc5 Rd4 62. Kc6 Kf8 63. Be6 Rd3 64. Rf7+ Ke8 65. Rxf6 Ke7 66. Rh6
Rxf3 67. Bd5 Rc3+ 68. Kb5 Rc1 69. Re6+ Kd7 70. Rxe5 Rb1+ 71. Kc5 Ra1 72. Bc6+
Kc7 73. Re7+ Kd8 74. Kd6 Rd1+ 75. Ke6 Rh1 76. Rf7 Rh6+ 77. Rf6 Rh2 78. e5 Kc7
79. Kf7 Rh7+ 80. Kg6 Rh3 81. Be4 Rg3+ 82. Kf7 Re3 83. Rc6+ Kd7 84. e6+ {Black
resigns} 1-0

[Event "Team 45 45 League T35"]
[Site "Internet Chess Club"]
[Date "2007.11.04"]
[Round "3"]
[White "Qualm"]
[Black "AVEMARIA"]
[Result "0-1"]
[WhiteElo "1773"]
[BlackElo "1818"]
[Opening "Queen's Indian: Capablanca variation"]
[ECO "E16"]
[Time "06:04:20"]
[TimeControl "2700+45"]

1. d4 Nf6 2. c4 e6 3. Nf3 b6 4. g3 Bb7 5. Bg2 Bb4+ 6. Nbd2 O-O 7. O-O Re8 8. a3
Bf8 9. Re1 d5 10. Ne5 Nbd7 11. Ndf3 h6 12. Bf4 c5 13. Rc1 dxc4 14. Nxc4 cxd4 15.
Nxd4 Bxg2 16. Kxg2 Rc8 17. Nb5 e5 18. Be3 Ng4 19. Qb3 Nc5 20. Qa2 Qd5+ 21. f3
Nxe3+ {White resigns} 0-1

[Event "Team 45 45 League T35"]
[Site "Internet Chess Club"]
[Date "2007.11.03"]
[Round "3"]
[White "cityprosecutor"]
[Black "Kittle"]
[Result "1-0"]
[WhiteElo "1759"]
[BlackElo "1700"]
[Opening "French: King's Indian attack"]
[ECO "C00"]
[Time "10:01:45"]
[TimeControl "2700+45"]

1. e4 e6 2. d3 d5 3. Nd2 Nf6 4. g3 dxe4 5. dxe4 Nc6 6. Bg2 Be7 7. Ngf3 O-O 8.
O-O Nd4 9. e5 Nxf3+ 10. Nxf3 Nd5 11. a3 a5 12. c4 Nb6 13. Qe2 Qd7 14. b3 Rd8 15.
Bb2 Qd3 16. Qxd3 Rxd3 17. Nd4 Bc5 18. Rad1 Rxd1 19. Rxd1 Be7 20. Nb5 c6 21. Nd6
Bxd6 22. Rxd6 Nd7 23. Bd4 c5 24. Bxc5 g6 25. Bd4 Rb8 26. c5 Kg7 27. c6 bxc6 28.
Bxc6 Rxb3 29. Bxd7 Bxd7 30. Rxd7 Rxa3 31. Ra7 a4 32. Bc5 Ra1+ 33. Kg2 h5 34. h4
Ra2 35. Be7 Ra1 36. Bf6+ Kg8 37. Ra8+ Kh7 38. Rh8# {Black checkmated} 1-0

[Event "Team 45 45 League T35"]
[Site "Internet Chess Club"]
[Date "2007.11.04"]
[Round "3"]
[White "knightc9mate"]
[Black "Duguesclin"]
[Result "0-1"]
[WhiteElo "1873"]
[BlackElo "1681"]
[Opening "French: Winawer, classical variation"]
[ECO "C18"]
[Time "11:42:29"]
[TimeControl "2700+45"]

1. e4 e6 2. d4 d5 3. Nc3 Bb4 4. e5 c5 5. a3 Bxc3+ 6. bxc3 Qc7 7. Nf3 Ne7 8. Bd3
cxd4 9. cxd4 Bd7 10. O-O Nbc6 11. Bd2 Nf5 12. Bxf5 exf5 13. c4 Be6 14. Bf4 O-O
15. c5 b6 16. Rc1 Rfc8 17. Re1 h6 18. h4 Qe7 19. Bd2 Rab8 20. Rc2 Kh7 21. Qe2
bxc5 22. dxc5 d4 23. Qd3 Rd8 24. h5 Kg8 25. Rcc1 Rb3 26. Qa6 Qb7 27. Qxb7 Rxb7
28. a4 a5 29. Rb1 Rb3 30. Rxb3 Bxb3 31. Nh4 Rd5 32. Nxf5 Rxc5 33. f4 Bxa4 34.
Ra1 Bc2 35. Nd6 a4 36. Kf2 Na5 37. Bb4 Rd5 38. Bxa5 Rxa5 39. Ra3 Rd5 40. Ke2 f6
41. Kd2 d3 42. Nc4 Rd4 43. Ne3 Rxf4 44. Nxc2 dxc2 45. e6 Kf8 46. Kxc2 Ke7 47. g3
Rg4 48. Re3 Rb4 49. Rc3 Kxe6 50. Rc7 Rg4 51. Rc3 f5 52. Rc6+ Kd5 53. Ra6 Rxg3
54. Rxa4 Rg4 55. Ra5+ Ke4 56. Kd2 Rg2+ 57. Ke1 f4 58. Kf1 f3 59. Ra4+ Kf5 60.
Ra3 Kg4 61. Ra7 Kxh5 62. Rf7 Rg3 63. Kf2 Rg6 64. Rf5+ Kg4 65. Rd5 Rf6 66. Rd4+
Rf4 67. Rd6 Rf6 68. Rd4+ Kh5 69. Rd5+ g5 70. Rd1 g4 71. Rg1 Kg5 72. Rd1 h5 73.
Rd4 h4 {White resigns} 0-1

[Event "Team 45 45 League T35"]
[Site "Internet Chess Club"]
[Date "2007.11.02"]
[Round "3"]
[White "clarinetref"]
[Black "latayvia"]
[Result "1/2-1/2"]
[WhiteElo "1639"]
[BlackElo "1903"]
[Opening "Réti: old Indian attack"]
[ECO "A06"]
[Time "22:03:56"]
[TimeControl "2700+45"]

1. Nf3 d5 2. d3 Nf6 3. g3 Nbd7 4. Bg2 e5 5. Nbd2 c6 6. O-O Bd6 7. Re1 Qb6 8. e4
O-O 9. c3 Ng4 10. Qe2 f5 11. h3 Nh6 12. exf5 Nxf5 13. g4 Nh6 14. Nf1 Nf7 15. Be3
c5 16. d4 cxd4 17. cxd4 e4 18. Nh4 g5 19. Nf5 Bf4 20. Ne7+ Kh8 21. Nxd5 Qd6 22.
Bxe4 Nb6 23. Nxb6 axb6 24. Bxf4 gxf4 25. Qd3 Ng5 26. Nh2 Qh6 27. Bg2 f3 28. Nxf3
Rxf3 29. Re8+ Rf8 30. Rxf8+ Qxf8 31. Qe3 Nf7 32. a3 Bd7 33. Bxb7 Re8 34. Qc3 Nd6
35. Bg2 Rc8 36. Qb4 Qf4 37. Qxb6 Rc1+ 38. Rxc1 Qxc1+ 39. Kh2 Qf4+ 40. Kg1 Qc1+
41. Kh2 Qf4+ 42. Kg1 {Game drawn by mutual agreement} 1/2-1/2

[Event "Team 45 45 League T35"]
[Site "Internet Chess Club"]
[Date "2007.11.04"]
[Round "3"]
[White "qs16"]
[Black "shakkimestari"]
[Result "0-1"]
[WhiteElo "1859"]
[BlackElo "2001"]
[Opening "Queen's pawn: London system"]
[ECO "A45"]
[Time "11:00:01"]
[TimeControl "2700+45"]

1. d4 Nf6 2. Bf4 d5 3. Nd2 Nc6 4. e3 Bf5 5. Bd3 Bxd3 6. cxd3 e6 7. Ngf3 Qd7 8.
O-O h6 9. a3 Be7 10. Rc1 O-O 11. b4 a6 12. Nb3 Rfe8 13. Ne5 Nxe5 14. Bxe5 c6 15.
Nc5 Bxc5 16. Bxf6 Be7 17. Be5 Bd6 18. Qg4 Bxe5 19. dxe5 a5 20. Rc3 Qe7 21. Rfc1
axb4 22. axb4 Ra4 23. Rb1 c5 24. Rxc5 {White resigns} 0-1

[Event "Team 45 45 League T35"]
[Site "Internet Chess Club"]
[Date "2007.11.03"]
[Round "3"]
[White "chinta"]
[Black "reijo"]
[Result "1-0"]
[WhiteElo "1590"]
[BlackElo "1568"]
[Opening "Caro-Kann defense"]
[ECO "B10"]
[Time "08:59:47"]
[TimeControl "2700+45"]

1. e4 c6 2. f4 d5 3. e5 Bf5 4. d4 e6 5. Bd3 Bxd3 6. Qxd3 Ne7 7. Nf3 Nd7 8. O-O
c5 9. c3 Nc6 10. Be3 Qb6 11. b3 cxd4 12. cxd4 Be7 13. a3 h6 14. Nbd2 Rc8 15. f5
O-O 16. f6 gxf6 17. Bxh6 Rfe8 18. Nh4 fxe5 19. Qg3+ {Black resigns} 1-0

[Event "Team 45 45 League T35"]
[Site "Internet Chess Club"]
[Date "2007.11.03"]
[Round "3"]
[White "RedAttack"]
[Black "Zornorph"]
[Result "1/2-1/2"]
[WhiteElo "1946"]
[BlackElo "2015"]
[Opening "Queen's pawn game, Darooha variation "]
[ECO "D02"]
[Time "16:03:38"]
[TimeControl "2700+45"]

1. Nf3 Nf6 2. d4 d5 3. g3 g6 4. Bg2 Bg7 5. O-O O-O 6. Re1 Nbd7 7. Nc3 Re8 8. Bg5
c6 9. a4 Qb6 10. Qd3 e5 11. a5 Qc7 12. e4 exd4 13. Bxf6 Nxf6 14. Nxd4 dxe4 15.
Nxe4 Rd8 16. c3 Bf5 17. Qc4 Bxe4 18. Bxe4 Nxe4 19. Rxe4 a6 20. b4 Qd7 21. Rae1
Re8 22. f3 Rxe4 23. Rxe4 Bf6 24. Kg2 Rd8 25. h3 h5 26. h4 Kg7 27. Qe2 Qc8 28.
Qe3 c5 29. bxc5 Kh7 30. Rf4 Kg7 31. Re4 Kh7 32. Qf4 Kg7 33. Qe3 {Game drawn by
repetition} 1/2-1/2

[Event "Team 45 45 League T35"]
[Site "Internet Chess Club"]
[Date "2007.11.04"]
[Round "3"]
[White "kabindra"]
[Black "andrew28"]
[Result "1-0"]
[WhiteElo "1815"]
[BlackElo "1776"]
[Opening "French: Tarrasch, closed variation, main line"]
[ECO "C06"]
[Time "11:31:13"]
[TimeControl "2700+45"]

1. e4 e6 2. d4 d5 3. Nd2 Nf6 4. e5 Nfd7 5. Bd3 c5 6. c3 Nc6 7. Ne2 cxd4 8. cxd4
Qg5 9. O-O Qh5 10. Nf3 g5 11. Ng3 Qh6 12. Bxg5 Qg7 13. Nh5 Qg8 14. Bf6 Qg4 15.
Bxh8 Qxh5 16. Bf6 Nxf6 17. exf6 Bd6 18. Ne5 Qxd1 19. Raxd1 Nxe5 20. dxe5 Bxe5
21. Bxh7 Bxf6 22. b3 Bg7 23. f4 f5 24. Bg6+ Ke7 25. Rfe1 Kf6 26. Be8 a6 27. h4
Bh6 28. Rf1 Ke7 29. Bg6 Bd7 30. h5 Bb5 31. Rfe1 Bxf4 32. Bxf5 Bd7 33. Rxd5 Bg3
34. Re3 Bf4 35. Re4 Bc7 36. Rd1 Kf6 37. Rxd7 Bb6+ 38. Kf1 Kxf5 39. Rb4 Ba5 40.
Rbxb7 Rc8 41. h6 Rc1+ 42. Kf2 Rc2+ 43. Kg1 Rc1+ 44. Kh2 Rc8 45. h7 Bc3 46. Kg1
Be5 47. Rd1 Bg3 48. Rg7 Be5 49. Rg8 Rc2 50. h8=Q Bxh8 51. Rxh8 Rxa2 52. Rf8+ Ke5
53. Re1+ Kd6 54. Re8 Rb2 55. R8xe6+ Kc7 56. Rxa6 Rxb3 57. Re7+ Kb8 58. Rh6
{Black resigns} 1-0

[Event "Team 45 45 League T35"]
[Site "Internet Chess Club"]
[Date "2007.11.02"]
[Round "3"]
[White "crisgrossi"]
[Black "tammany"]
[Result "1-0"]
[WhiteElo "1625"]
[BlackElo "1604"]
[Opening "Sicilian: Smith-Morra gambit"]
[ECO "B21"]
[Time "14:06:17"]
[TimeControl "2700+45"]

1. e4 c5 2. d4 cxd4 3. Bc4 e6 4. f4 Qh4+ 5. g3 Qd8 6. Nf3 d5 7. exd5 exd5 8.
Bb5+ Bd7 9. Nxd4 Bxb5 10. Nxb5 Nf6 11. Be3 a6 12. Nd4 Qe7 13. Qe2 Nc6 14. Nxc6
bxc6 15. Nc3 Ne4 16. Nxe4 Qxe4 17. O-O-O Bc5 18. Rhe1 Bxe3+ 19. Qxe3 Qxe3+ 20.
Rxe3+ Kd7 21. c4 Rhe8 22. Red3 Re2 23. R3d2 Rae8 24. cxd5 cxd5 25. Rxd5+ Ke6 26.
R5d2 Kf5 27. h3 Rxd2 28. Rxd2 Re3 29. Rd7 Ke6 30. Ra7 Rxg3 31. Rxa6+ Kf5 32. b4
Rxh3 33. b5 Rc3+ 34. Kb2 Rc5 35. b6 Rb5+ 36. Kc3 h5 37. a4 Rb1 38. Ra5+ Kxf4 39.
Rb5 Rc1+ 40. Kd2 Rc8 41. Rxh5 g5 42. a5 g4 43. b7 Rd8+ 44. Kc2 g3 45. a6 g2 46.
a7 g1=Q 47. b8=Q+ Kg4 48. Rg5+ Kxg5 49. Qxd8+ Kh5 50. Qh8+ {Black resigns} 1-0

[Event "Team 45 45 League T35"]
[Site "Internet Chess Club"]
[Date "2007.11.04"]
[Round "3"]
[White "b-spot"]
[Black "Shereshevsky"]
[Result "1/2-1/2"]
[WhiteElo "1573"]
[BlackElo "1501"]
[Opening "King's Indian: orthodox variation"]
[ECO "E94"]
[Time "19:42:37"]
[TimeControl "2700+45"]

1. d4 Nf6 2. c4 g6 3. Nc3 Bg7 4. e4 d6 5. Be2 O-O 6. Nf3 e5 7. O-O exd4 8. Nxd4
Nc6 9. Be3 Re8 10. f3 Nh5 11. Qd2 Nf4 12. Bxf4 Nxd4 13. Bd3 Bd7 14. Rfd1 f5 15.
Bg5 Qc8 16. Nd5 fxe4 17. Bxe4 Bf5 18. Ne7+ Rxe7 19. Bxe7 Bxe4 20. fxe4 Qg4 21.
Kh1 Re8 22. Qg5 Qxe4 23. Re1 Ne2 24. Bf6 Bxf6 25. Qxf6 Rf8 26. Qg5 Rf2 27. Qd5+
Qxd5 28. cxd5 Nf4 29. Rf1 Rxf1+ 30. Rxf1 Nxd5 31. a3 Kg7 32. g3 Nf6 33. Rf4 Kf7
34. Rb4 b6 35. Ra4 a5 36. b4 axb4 37. Rxb4 Ke6 38. Rc4 c5 39. Kg2 d5 40. Rc1 d4
41. Kf3 Ke5 42. Rb1 Nd5 43. Re1+ Kd6 44. Re8 c4 45. Rd8+ Kc5 46. Rc8+ Kb5 47.
Ke4 d3 48. Rd8 Nc3+ 49. Kd4 Ne2+ 50. Ke3 Ka4 51. Kd2 Kb3 52. Rb8 c3+ 53. Kxd3
Nc1+ 54. Ke3 Kb2 55. Rxb6+ Nb3 56. a4 c2 57. Rc6 c1=Q+ 58. Rxc1 Kxc1 59. Kf4 Kd2
60. Kg5 Ke3 61. g4 Kf3 62. h4 Nc5 63. h5 gxh5 64. gxh5 Nxa4 65. Kh6 Nc5 66. Kxh7
Kg4 67. h6 Kg5 68. Kg7 Ne6+ 69. Kh7 Nf8+ 70. Kg7 Ng6 71. h7 Kf5 {Game drawn by
mutual agreement} 1/2-1/2

[Event "Team 45 45 League T35"]
[Site "Internet Chess Club"]
[Date "2007.11.04"]
[Round "3"]
[White "HocusPocus"]
[Black "MrPetrov"]
[Result "1/2-1/2"]
[WhiteElo "2117"]
[BlackElo "2196"]
[Opening "Sicilian: Grand Prix attack"]
[ECO "B23"]
[Time "10:01:14"]
[TimeControl "2700+45"]

1. e4 c5 2. Nc3 Nc6 3. f4 g6 4. Nf3 Bg7 5. Bb5 Nd4 6. O-O Nxb5 7. Nxb5 d5 8.
exd5 a6 9. Nc3 Nf6 10. d4 c4 11. Qe2 b5 12. Re1 Bg4 13. Ne4 Nxe4 14. Qxe4 Bxf3
15. gxf3 O-O 16. c3 Ra7 17. f5 Bf6 18. Bh6 Re8 19. fxg6 hxg6 20. Bf4 Rf8 21. Bh6
Re8 22. Bf4 Rf8 {Game drawn by mutual agreement} 1/2-1/2